Selects Airborne Battlegroup
Selects Heavy Machine Gun Paradrop
Selects Paratrooper Squad Paradrop
Paratrooper Squad Paradrop
Paratrooper Squad Paradrop
Construct Medical Station
Mechanized Support Center
Selects Anti-tank Gun Team Paradrop
Paratrooper Squad Paradrop
Paratrooper Squad Paradrop
Paratrooper Squad Paradrop
M4(105) Sherman Bulldozer
Designate Forward Repair Station
Construct Weapon Support Center
Designate Forward Repair Station
Selects Carpet Bombing Run
Improved M9 Bazooka Rockets
Anti-tank Gun Team Paradrop
Paratrooper Squad Paradrop